 Dungeon Crawl Stone Soup version 0.27.0-1-g7a089689b8 (webtiles) character file.

Game seed: 498694424003637640

2192 hatdisgam the Poker (level 9, -4/69 HPs)
             Began as a Gnoll Wanderer on Aug 10, 2021.
             Was a Follower of Makhleb.
             Slain by a hornet (9 damage)
             ... on level 7 of the Dungeon.
             The game lasted 00:15:54 (11987 turns).

hatdisgam the Poker (Gnoll Wanderer)               Turns: 11987, Time: 00:15:55

Health: -4/69      AC: 11    Str:  8    XL:     9   Next: 33%
Magic:  27/27      EV:  4    Int: 17    God:    Makhleb [*.....]
Gold:   392        SH:  5    Dex: 13    Spells: 21/21 levels left

rFire    . . .     SeeInvis .   a - +2 dagger (venom)
rCold    . . .     Faith    .   c - +0 buckler
rNeg     . . .     Spirit   .   C - +0 chain mail
rPois    .         Reflect  .   (no helmet)
rElec    .         Harm     .   y - +0 cloak
rCorr    .         Rampage  .   (no gloves)
Will     +....                  j - +0 pair of boots
Stlth    ..........             (no amulet)
HPRegen  0.21/turn              i - ring of willpower
MPRegen  0.20/turn              q - ring of magical power

@: lethally poisoned (-4 -> -14), flying, hasted and slowed
A: fangs 1, strong nose, distributed training
a: Renounce Religion


You were on level 7 of the Dungeon.
You worshipped Makhleb.
Makhleb was aware of your devotion.
You visited 2 branches of the dungeon, and saw 9 of its levels.

You collected 392 gold pieces.

Inventory:

Hand Weapons
 a - a +2 dagger of venom (weapon)
 b - a +2 hand axe
 w - a +2 spear
Missiles
 s - 43 poisoned darts (quivered)
 N - 5 boomerangs of dispersal
Armour
 c - a +0 buckler (worn)
 d - a +0 robe
 h - a +0 ring mail
 j - a +0 pair of boots (worn)
 y - a +0 cloak (worn)
 C - a +0 chain mail (worn)
Jewellery
 i - a ring of willpower (left hand)
 n - a ring of fire
 q - a ring of magical power (right hand)
 x - a +6 ring of intelligence
 z - a +6 ring of strength
Wands
 G - a wand of iceblast (2)
 J - a wand of digging (8)
Scrolls
 f - a scroll of magic mapping {unknown}
 g - 2 scrolls of noise {unknown}
 m - a scroll of blinking {unknown}
 o - 2 scrolls of fear {unknown}
 p - 4 scrolls of identify {unknown}
 t - a scroll of holy word {unknown}
 v - a scroll of enchant weapon {unknown}
 A - a scroll of fog {unknown}
 H - a scroll of enchant armour {unknown}
 K - a scroll of brand weapon {unknown}
 L - a scroll of summoning {unknown}
 M - a scroll of teleportation
Potions
 e - a potion of heal wounds
 k - a potion of degeneration {unknown}
 l - a potion of might {unknown}
 r - 2 potions of flight
 u - a potion of haste
 B - a potion of mutation {unknown}
 D - a potion of brilliance {unknown}
 E - a potion of lignification {unknown}
 F - a potion of cancellation {unknown}
 I - a potion of attraction {unknown}


   Skills:
 + Level 6.2 Fighting
 + Level 4.1 Short Blades
 + Level 4.1 Long Blades
 + Level 4.1 Axes
 + Level 4.1 Maces & Flails
 + Level 7.8 Polearms
 + Level 4.1 Staves
 + Level 4.1 Slings
 + Level 4.1 Bows
 + Level 4.1 Crossbows
 + Level 4.1 Throwing
 + Level 4.1 Armour
 + Level 4.1 Dodging
 + Level 4.1 Stealth
 + Level 4.9 Shields
 + Level 4.1 Unarmed Combat
 + Level 6.5 Spellcasting
 + Level 3.4 Conjurations
 + Level 3.4 Hexes
 + Level 3.4 Summonings
 + Level 4.1 Necromancy
 + Level 3.4 Translocations
 + Level 3.4 Transmutations
 + Level 3.4 Fire Magic
 + Level 3.4 Ice Magic
 + Level 3.4 Air Magic
 + Level 3.4 Earth Magic
 + Level 3.4 Poison Magic
 + Level 4.5 Invocations
 + Level 4.9 Evocations


You had 21 spell levels left.
You didn't know any spells.
Your spell library contained the following spells:

 Spells                   Type           Power      Damage    Failure   Level
 Slow                     Hex            17%        N/A       99%         2
 Confusing Touch          Hex            17%        N/A       100%        3
 Summon Forest            Summ/Tloc      8%         N/A       100%        5
 Summon Mana Viper        Hex/Summ       17%        N/A       100%        5
 Yara's Violent Unravell  Hex/Tmut       8%         3d5       100%        5
 Shadow Creatures         Summ           N/A        N/A       100%        6


Dungeon Overview and Level Annotations

Branches:
Dungeon (8/15)             Temple (1/1) D:4
   Lair: D:8-11

Altars:
Ashenzari
Cheibriados
Dithmenos
Elyvilon
Fedhas
Gozag
Hepliaklqana
Kikubaaqudgha
Makhleb
Nemelex Xobeh
Qazlal
Ru
Sif Muna
Trog
Uskayaw
Vehumet
Wu Jian
Xom
Yredelemnul
Zin
The Shining One


Innate Abilities, Weirdness & Mutations

You have very sharp teeth.
Your uncanny sense of smell can sniff out nearby items.
Your experience applies equally to all skills.


Message History

There is a stone staircase leading down here.
Your chain mail prevents you from hitting the hornet.
You feel very sick. The hornet barely misses you.
The hornet stings you but does no damage.
You barely miss the hornet.
You feel very sick. The hornet stings you!
You feel as though you will be slow longer.
The hornet stings you.
You are more poisoned.
You feel as though you will be slow longer.
Okay, then.
It was a potion of heal wounds.
You feel much better.
You feel very sick.
The hornet stings you but does no damage.
The hornet stings you.
You feel as though you will be slow longer.
Unknown command.
You barely miss the hornet.
You feel very sick. The hornet stings you!
You feel as though you will be slow longer.
The hornet stings you.
You are lethally poisoned!
You feel as though you will be slow longer.
It was a potion of flight.
You feel very buoyant.
You fly up into the air.
* * * LOW HITPOINT WARNING * * *
You feel extremely sick. The hornet stings you.
* * * LOW HITPOINT WARNING * * *
You feel as though you will be slow longer.
You block the hornet's attack.
It was a potion of haste.
You feel yourself speed up.
* * * LOW HITPOINT WARNING * * *
You feel very sick. The hornet barely misses you. The hornet stings you!
You die...

######## ##########
.......# #........#
.......# #........#
......)# #........#
.......# #@y......#
......># #.......(#
.......# #........#
.......# #........#
.......#########........#
####....................#
...#....................#
...#....................#
...#....................#


You could see a hornet.

Vanquished Creatures
  A komodo dragon (D:7)
  2 sky beasts
  An orc warrior (D:4)
  A necrophage (D:5)
  An ogre (D:4)
  2 phantoms
  A centaur (D:5)
  2 kobold brigands
  2 bullfrogs
  3 scorpions
  A wyvern skeleton (D:7)
  A water moccasin skeleton (D:7)
  A wight (D:6)
  A centaur zombie (D:5)
  2 orc priests
  A bullfrog zombie (D:6)
  2 hounds
  2 jellies
  A centaur skeleton (D:7)
  A gnoll shaman (D:5)
  Crazy Yiuf (D:3)
  3 orc wizards
  2 howler monkey zombies
  4 gnolls
  4 adders
  2 shadow imps
  A white imp (D:6)
  An ufetubus (D:6)
  2 worms
  3 dart slugs
  23 orcs
  6 ball pythons
  6 endoplasms
  2 giant cockroaches (D:1)
  10 goblins
  11 hobgoblins
  12 jackals
  7 bats
  3 frilled lizards
  30 kobolds
  7 rats
169 creatures vanquished.

Vanquished Creatures (others)
  15 plants (D:4)
15 creatures vanquished.

Grand Total: 184 creatures vanquished

Notes
Turn   | Place    | Note
-------+----------+-------------------------------------------
     0 | D:1      | hatdisgam the Gnoll Wanderer began the quest for the Orb.
     0 | D:1      | hatdisgam set off with the following items: a +2 spear, a
                  | potion of curing, a +0 buckler, a +0 robe
     0 | D:1      | Reached XP level 1. HP: 20/20 MP: 6/6
   266 | D:1      | Reached XP level 2. HP: 25/26 MP: 7/7
   516 | D:1      | Reached XP level 3. HP: 26/31 MP: 9/9
   517 | D:1      | Reached skill level 5 in Spellcasting
   962 | D:1      | Found a faded altar of an unknown god.
   972 | D:1      | Reached skill level 1 in Invocations
  1476 | D:2      | Reached skill level 1 in Short Blades
  1476 | D:2      | Reached skill level 1 in Long Blades
  1476 | D:2      | Reached skill level 1 in Axes
  1476 | D:2      | Reached skill level 1 in Maces & Flails
  1476 | D:2      | Reached skill level 1 in Staves
  1476 | D:2      | Reached skill level 1 in Slings
  1476 | D:2      | Reached skill level 1 in Bows
  1476 | D:2      | Reached skill level 1 in Crossbows
  1476 | D:2      | Reached skill level 1 in Throwing
  1476 | D:2      | Reached skill level 1 in Armour
  1476 | D:2      | Reached skill level 1 in Dodging
  1476 | D:2      | Reached skill level 1 in Stealth
  1476 | D:2      | Reached skill level 1 in Unarmed Combat
  1705 | D:2      | Reached XP level 4. HP: 33/38 MP: 11/11
  2376 | D:2      | Reached skill level 1 in Conjurations
  2376 | D:2      | Reached skill level 1 in Hexes
  2376 | D:2      | Reached skill level 1 in Summonings
  2376 | D:2      | Reached skill level 1 in Translocations
  2376 | D:2      | Reached skill level 1 in Transmutations
  2376 | D:2      | Reached skill level 1 in Fire Magic
  2376 | D:2      | Reached skill level 1 in Ice Magic
  2376 | D:2      | Reached skill level 1 in Air Magic
  2376 | D:2      | Reached skill level 1 in Earth Magic
  2376 | D:2      | Reached skill level 1 in Poison Magic
  2949 | D:3      | Noticed a sky beast
  2976 | D:3      | Killed a sky beast
  2977 | D:3      | Reached XP level 5. HP: 20/43 MP: 12/12
  3184 | D:3      | Found a runed translucent door.
  3185 | D:3      | Noticed Crazy Yiuf
  3960 | D:4      | Reached XP level 6. HP: 30/50 MP: 13/13
  4162 | D:4      | Reached skill level 5 in Fighting
  4443 | D:4      | Found a staircase to the Ecumenical Temple.
  4465 | Temple   | Entered the Ecumenical Temple
  4474 | Temple   | Became a worshipper of Makhleb the Destroyer
  5155 | D:4      | Reached skill level 7 in Polearms
  5155 | D:4      | Reached XP level 7. HP: 31/56 MP: 15/15
  5771 | D:4      | Reached * piety under Makhleb
  6580 | D:3      | Killed Crazy Yiuf
  6673 | D:5      | Entered Level 5 of the Dungeon
  6692 | D:5      | Found a blossoming altar of Fedhas.
  6700 | D:5      | Found an ornate altar of the Wu Jian Council.
  6952 | D:5      | Reached XP level 8. HP: 54/63 MP: 16/16
  8178 | D:5      | Found a stormy altar of Qazlal.
 10265 | D:7      | Reached XP level 9. HP: 61/63 MP: 18/18
 10458 | D:7      | Noticed a komodo dragon
 10482 | D:7      | Killed a komodo dragon
 11976 | D:8      | Noticed a hornet
 11976 | D:8      | Noticed a two-headed ogre
 11978 | D:8      | Paralysed by a hornet for 3 turns
 11987 | D:7      | Slain by a hornet

Illustrated notes

Levels and vault maps discovered:
D:1:      lightli_arrival_isolated_outpost, layout_loops_ring,
          shapermc_ecumenical_altar_totnotflames, minmay_strange_pillars,
          minmay_tetromino_l4
D:2:      cheibrodos_greedy_goblins, layout_loops_corners, grunt_ministairs_1
D:3:      layout_rooms, st_stairs_3, uniq_crazy_yiuf_cottage
D:4:      kennysheep_kobold_camp, layout_layer_cave,
          minmay_temple_entry_offerings, kennysheep_generic_room_14
D:5:      layout_gridville, grunt_temple_overflow_open,
          nicolae_qazlal_general_emergency
D:6:      layout_gridville
D:7:      layout_gridville
D:8:      layout_rooms, st_stairs_4
Temple:   nicolae_temple_no_exploring_needed

Skill      XL: |  1  2  3  4  5  6  7  8  9 |
---------------+----------------------------+-----
Necromancy     | 2 3 4 |  4.1
Spellcasting   | 5 6 |  6.5
Invocations    | 1 2 3 4 |  4.5
Short Blades   | 1 2 3 4 |  4.1
Long Blades    | 1 2 3 4 |  4.1
Axes           | 1 2 3 4 |  4.1
Maces & Flails | 1 2 3 4 |  4.1
Staves         | 1 2 3 4 |  4.1
Slings         | 1 2 3 4 |  4.1
Bows           | 1 2 3 4 |  4.1
Crossbows      | 1 2 3 4 |  4.1
Throwing       | 1 2 3 4 |  4.1
Armour         | 1 2 3 4 |  4.1
Dodging        | 1 2 3 4 |  4.1
Stealth        | 1 2 3 4 |  4.1
Unarmed Combat | 1 2 3 4 |  4.1
Conjurations   | 1 2 3 |  3.4
Hexes          | 1 2 3 |  3.4
Summonings     | 1 2 3 |  3.4
Translocations | 1 2 3 |  3.4
Transmutations | 1 2 3 |  3.4
Fire Magic     | 1 2 3 |  3.4
Ice Magic      | 1 2 3 |  3.4
Air Magic      | 1 2 3 |  3.4
Earth Magic    | 1 2 3 |  3.4
Poison Magic   | 1 2 3 |  3.4
Shields        | 3 4 |  4.9
Evocations     | 3 4 |  4.9
Fighting       | 5 6 |  6.2
Polearms       | 7 |  7.8

Action                   |  1- 3 |  4- 6 |  7- 9 || total
-------------------------+-------+-------+-------++-------
Melee: Spear             |   154 |   129 |       ||   283
       Bite              |     7 |    16 |    48 ||    71
       Dagger            |       |    97 |   474 ||   571
       Hand axe          |       |       |    49 ||    49
Throw: Dart              |       |    17 |    18 ||    35
Evoke: Wand              |       |       |     2 ||     2
  Use: Potion            |       |     1 |     5 ||     6
       Scroll            |       |       |     3 ||     3
 Stab: Sleeping          |     3 |     1 |       ||     4
       Distracted        |       |       |     1 ||     1
Armor: Ring mail         |    18 |    77 |    24 ||   119
       Robe              |     1 |       |       ||     1
       Chain mail        |       |       |   241 ||   241
Dodge: Dodged            |    39 |    96 |   104 ||   239
Block: Buckler           |    16 |    38 |   124 ||   178
